 Dungeon Crawl Stone Soup version 0.32-a0-898-g7811c86cf0 (webtiles) character file.

Game seed: 2708711634019208881

29 Alarak the Trooper (level 3, -1/31 HPs)
             Began as a Barachi Hunter on Apr 4, 2024.
             Slain by an adder (3 damage)
             ... on level 2 of the Dungeon.
             The game lasted 00:01:52 (978 turns).

Alarak the Trooper (Barachi Hunter)                  Turns: 978, Time: 00:01:55

Health: -1/31      AC:  3    Str: 12    XL:     3   Next: 16%
Magic:  3/3        EV: 11    Int:  9    God:
Gold:   29         SH:  0    Dex: 17    Spells: 2/2 levels left

rFire   . . .        a - +0 shortbow
rCold   . . .        (shield currently unavailable)
rNeg    . . .        c - +0 leather armour
rPois   .            (no helmet)
rElec   .            (no cloak)
rCorr   .            (no gloves)
SInv    .            (no boots)
Will    .....        (no amulet)
Stlth   ++           (no ring)
HPRegen 0.25/turn    (no ring)
MPRegen 0.08/turn

%: no passive effects
@: unable to hop, slow
A: amphibious, slowness 1, strong legs 1, +LOS
a: Hop


You were on level 2 of the Dungeon.
You visited 1 branch of the dungeon, and saw 2 of its levels.

You collected 29 gold pieces.

Inventory:

Hand Weapons
 a - a +0 shortbow (weapon)
Armour
 c - a +0 leather armour (worn)
Scrolls
 b - a scroll of butterflies
Potions
 d - a potion of heal wounds {unknown}
 f - a potion of invisibility {unknown}
 g - a potion of mutation {unknown}


   Skills:
 + Level 4.3 Fighting
 - Level 4.0 Ranged Weapons
 - Level 2.1 Dodging
 - Level 0.8 Stealth


You had 2 spell levels left.
You didn't know any spells.
Your spell library contained the following spells:

 Spells                   Type           Power      Damage    Failure   Level
 Slow                     Hex            0%         N/A       45%         1
 Confusing Touch          Hex            0%         N/A       83%         3
 Vampiric Draining        Necr           0%         2d6       83%         3
 Vhi's Electric Charge    Tloc/Air       0%         N/A       99%         4
 Arcjolt                  Conj/Air       0%         1d10      100%        5
 Plasma Beam              Fire/Air       0%         2x1d10    100%        6


Dungeon Overview and Level Annotations

Branches:
Dungeon (2/15)

Altars:

Shops:
D:2 (

Annotations:
D:2 Sigmund


Innate Abilities, Weirdness & Mutations

You are amphibious.
You cover ground slowly.
You can hop short distances.
You have an extended range of vision and can be seen from far away.


Message History

You shoot an arrow. The arrow closely misses the adder.
Something hits you!
You shoot an arrow. The arrow hits the adder!
The adder is almost dead.
The adder closely misses you.
You shoot an arrow. The arrow completely misses the adder.
The adder bites you. Something hits you. The adder bites you.
* * * LOW HITPOINT WARNING * * *
You are poisoned.
The adder poisons you!
You are too injured to fight recklessly!
You are too injured to fight recklessly!
You are too injured to fight recklessly!
You are too injured to fight recklessly!
Unknown command.
Hop to where?
Press: ? - help, Q - select action, (/) - cycle Dir - move target, p - adder Boing!
You feel sick.
Fire: a) +0 shortbow
Press: ? - help, Shift-Dir - straight line, f - adder
Aim: an adder (sparse dust, almost dead, 48% to hit)
You shoot an arrow. The arrow barely misses the adder.
You feel sick.
Fire: a) +0 shortbow
Press: ? - help, Shift-Dir - straight line, f/p - adder
Aim: an adder (almost dead, 48% to hit)
You shoot an arrow. The arrow closely misses the adder.
The arrow barely misses the kobold.
You feel sick.
You are no longer poisoned.
Fire: a) +0 shortbow
Press: ? - help, Shift-Dir - straight line, f/p - adder
Aim: an adder (severely wounded, 48% to hit)
You shoot an arrow. The arrow closely misses the adder.
The arrow hits the kobold.
You kill the kobold!
Fire: a) +0 shortbow
Press: ? - help, Shift-Dir - straight line, f/p - adder
Aim: an adder (severely wounded, 48% to hit)
You shoot an arrow. The arrow closely misses the adder.
The adder bites you.
* * * LOW HITPOINT WARNING * * *
The adder bites you.
You die...

####.........##.#
#......(..#####.#
#.#######)# #.# #.#.....#.#
#.# #.#...†∩#.### #.#
#.#.........###.##
#.........#.##...##
#.#.....#.#.#...>.##########
#.#...###.#.....@S..)......#
#.#.### #.#####.#######....#
#.#.#####.# #.# {##.....
#.........# #.# !# ###.
###.####### ##'## #( #.#
##...## ) #.### ##.....##..
.. #.#.## ##........†# ..
###....####.........#... ..


You could see an adder.

Vanquished Creatures
  A ribbon worm (D:2)
  A dart slug (D:2)
  2 ball pythons (D:1)
  A bat (D:1)
  3 endoplasms (D:1)
  A giant cockroach (D:1)
  3 goblins
  2 hobgoblins
  A quokka (D:1)
  3 kobolds
  2 rats
20 creatures vanquished.

Notes
Turn   | Place    | Note
-------+----------+-------------------------------------------
     0 | D:1      | Alarak the Barachi Hunter began the quest for the Orb.
     0 | D:1      | Reached XP level 1. HP: 17/17 MP: 1/1
    80 | D:1      | Reached XP level 2. HP: 24/24 MP: 2/2
   870 | D:2      | Found Valig's Weapon Shoppe.
   893 | D:2      | Reached XP level 3. HP: 30/30 MP: 3/3
   967 | D:2      | Noticed Sigmund
   978 | D:2      | Slain by an adder

Illustrated notes

Levels and vault maps discovered:
D:1:      evilmike_arrival_hilbert_curve, layout_basic
D:2:      layout_loops_corners, serial_shops, shop, minmay_tetromino_o2,
          uniq_sigmund

Skill      XL: |  1  2 |
---------------+-------+-----
Fighting       | 3 4 |  4.3
Ranged Weapons | |  4.0
Dodging        | |  2.1
Stealth        | |  0.8

Action                     || total
---------------------------++-------
   Fire: Shortbow          ||    59
Ability: Hop               ||     2
    Use: Scroll            ||     2
 Armour: Leather armour    ||    17
  Dodge: Dodged            ||     9

Table legend: (Time is in decaauts)
 A = Elapsed time spent in this place.
 B = Non-inter-level travel time spent in this place.
 C = Inter-level travel time spent in this place.
 D = Time resting spent in this place.
 E = Time spent auto-exploring this place.
 F = Levels seen in this place.
 G = Mean time per level.
                   A        B        C        D        E       F      G
               +--------+--------+--------+--------+--------+-----+--------+
         Total |   1163 |   1122 |     41 |      0 |    985 |   2 |  581.5 |
       Dungeon |   1163 |   1122 |     41 |      0 |    985 |   2 |  581.5 |
               +--------+--------+--------+--------+--------+-----+--------+

Top non-repeatable levels by time:
     D:1: 875 daAuts
     D:2: 287 daAuts
